PAAA
BLOOMINGTON LONGNECKS @ PLYMOUTH ROCKS
07/02/2032
 
TOP OF THE 1ST
Bloomington Longnecks batting - Pitching for Plymouth Rocks : RHP Cisco Andr
Pitching: RHP Cisco Andr
Batting: RHB Javier De Jesús 0-0: Fly out, F7 (Flyball, 7S)
Batting: LHB César Gómes 0-0: Ground out 4-3 (Groundball, 4)
Batting: LHB Calvin Wilms 0-0: Called Strike
0-1: Called Strike
0-2: Foul Ball, location: 2F
0-2: Foul Ball, location: 2F
0-2: Foul Ball, location: 2F
0-2: Ground out 6-3 (Groundball, 6)
Top of the 1st over - 0 runs, 0 hits, 0 errors, 0 left on base; Bloomington 0 - Plymouth 0
BOTTOM OF THE 1ST
Plymouth Rocks batting - Pitching for Bloomington Longnecks : RHP Roy Gartner
Pitching: RHP Roy Gartner
Batting: LHB Edgardo De Jesús 0-0: Ground out 5-3 (Groundball, 56)
Batting: LHB José Castillo 0-0: Ball
1-0: Ball
2-0: Called Strike
2-1: Foul Ball, location: 2F
2-2: Ground out 6-3 (Groundball, 6)
Batting: RHB Syed Sarkar 0-0: Ground out 5-3 (Groundball, 56)
Bottom of the 1st over - 0 runs, 0 hits, 0 errors, 0 left on base; Bloomington 0 - Plymouth 0
TOP OF THE 2ND
Bloomington Longnecks batting - Pitching for Plymouth Rocks : RHP Cisco Andr
Batting: RHB Frank Crocker 0-0: Ball
1-0: SINGLE (Groundball, 4D)
Batting: RHB Bubba Blevins 0-0: Ball
1-0: Ball
2-0: Ball
3-0: Hit by Pitch
Frank Crocker to second
Batting: RHB Toussiant L'Ouverture 0-0: Foul Ball, location: 2F
0-1: Grounds into double play, 6-4-3 (Groundball, 6)
Frank Crocker to third
Batting: RHB Carlos Cardona 0-0: Called Strike
0-1: Foul Ball, location: 2F
0-2: Ball
1-2: Ground out 5-3 (Groundball, 56)
Top of the 2nd over - 0 runs, 1 hit, 0 errors, 1 left on base; Bloomington 0 - Plymouth 0
BOTTOM OF THE 2ND
Plymouth Rocks batting - Pitching for Bloomington Longnecks : RHP Roy Gartner
Batting: LHB Adrian McCoy 0-0: Called Strike
0-1: Ball
1-1: Ground out 6-3 (Groundball, 6M)
Batting: SHB Roku Hara 0-0: Called Strike
0-1: Ball
1-1: SINGLE (Flyball, 7LS)
Batting: LHB Kade Eagleton 0-0: Fly out, F1 (Line Drive, 15)
Batting: LHB Octávio Ontiveros 0-0: Ball
1-0: Fielders Choice at 2nd, 6-4 (Groundball, 6)
Bottom of the 2nd over - 0 runs, 1 hit, 0 errors, 1 left on base; Bloomington 0 - Plymouth 0
TOP OF THE 3RD
Bloomington Longnecks batting - Pitching for Plymouth Rocks : RHP Cisco Andr
Batting: RHB Martín Martínez 0-0: Swinging Strike
0-1: Foul Ball, location: 2F
0-2: Foul Ball, location: 2F
0-2: Ball
1-2: Ball
2-2: Foul Ball, location: 2F
2-2: Foul Ball, location: 2F
2-2: Ball
3-2: Foul Ball, location: 2F
3-2: Fly out, F8 (Flyball, 8RM)
Batting: RHB Barrett Drury 0-0: SINGLE (Flyball, 89S)
Batting: RHB Javier De Jesús 0-0: Ball
1-0: Foul Ball, location: 2F
1-1: Fly out, F7 (Flyball, 7LM)
Batting: LHB César Gómes 0-0: Called Strike
0-1: Ball
1-1: Swinging Strike
1-2: Ball
2-2: Foul Ball, location: 2F
2-2: Fielders Choice at 2nd, 5-4 (Groundball, 56)
Top of the 3rd over - 0 runs, 1 hit, 0 errors, 1 left on base; Bloomington 0 - Plymouth 0
BOTTOM OF THE 3RD
Plymouth Rocks batting - Pitching for Bloomington Longnecks : RHP Roy Gartner
Batting: RHB Cosmo Bjorkenheim 0-0: Called Strike
0-1: Ground out 6-3 (Groundball, 6MD)
Batting: RHB Luis Guerrero 0-0: Ground out U3 (Groundball, 23)
Batting: LHB Edgardo De Jesús 0-0: Ball
1-0: Called Strike
1-1: SINGLE (Flyball, 89M)
Batting: LHB José Castillo 0-0: Swinging Strike
0-1: Foul Ball, location: 2F
0-2: Ball
1-2: Ball
2-2: Ball
3-2: Ground out 6-3 (Groundball, 6)
Bottom of the 3rd over - 0 runs, 1 hit, 0 errors, 1 left on base; Bloomington 0 - Plymouth 0
TOP OF THE 4TH
Bloomington Longnecks batting - Pitching for Plymouth Rocks : RHP Cisco Andr
Batting: LHB Calvin Wilms 0-0: Foul Ball, location: 2F
0-1: Fly out, F8 (Flyball, 8LM)
Batting: RHB Frank Crocker 0-0: Ball
1-0: Called Strike
1-1: Called Strike
1-2: Strikes out swinging
Batting: RHB Bubba Blevins 0-0: Called Strike
0-1: Ball
1-1: Ball
2-1: Foul Ball, location: 2F
2-2: Foul Ball, location: 2F
2-2: Ball
3-2: Foul Ball, location: 2F
3-2: Fly out, F7 (Line Drive, 7LM)
Top of the 4th over - 0 runs, 0 hits, 0 errors, 0 left on base; Bloomington 0 - Plymouth 0
BOTTOM OF THE 4TH
Plymouth Rocks batting - Pitching for Bloomington Longnecks : RHP Roy Gartner
Batting: RHB Syed Sarkar 0-0: Ground out 5-3 (Groundball, 5)
Batting: LHB Adrian McCoy 0-0: Foul Ball, location: 2F
0-1: Ball
1-1: Ball
2-1: Called Strike
2-2: Foul Ball, location: 2F
2-2: Foul Ball, location: 2F
2-2: Ball
3-2: Foul Ball, location: 2F
3-2: Foul Ball, location: 2F
3-2: SINGLE (Groundball, 34D)
Batting: SHB Roku Hara 0-0: Ball
1-0: Ground out 5-3 (Groundball, 56S)
Adrian McCoy to second
Batting: LHB Kade Eagleton 0-0: Called Strike
0-1: Fly out, F9 (Line Drive, 89S)
Bottom of the 4th over - 0 runs, 1 hit, 0 errors, 1 left on base; Bloomington 0 - Plymouth 0
TOP OF THE 5TH
Bloomington Longnecks batting - Pitching for Plymouth Rocks : RHP Cisco Andr
Batting: RHB Toussiant L'Ouverture 0-0: Ball
1-0: Called Strike
1-1: Ball
2-1: Foul Ball, location: 2F
2-2: Ground out 4-3 (Groundball, 4)
Batting: RHB Carlos Cardona 0-0: Fly out, F8 (Flyball, 8RS)
Batting: RHB Martín Martínez 0-0: Ball
1-0: Fly out, F8 (Flyball, 8LS)
Top of the 5th over - 0 runs, 0 hits, 0 errors, 0 left on base; Bloomington 0 - Plymouth 0
BOTTOM OF THE 5TH
Plymouth Rocks batting - Pitching for Bloomington Longnecks : RHP Roy Gartner
Batting: LHB Octávio Ontiveros 0-0: Ball
1-0: Ball
2-0: Called Strike
2-1: Ball
3-1: Fly out, F8 (Flyball, 8LXD)
Batting: RHB Cosmo Bjorkenheim 0-0: Ball
1-0: Called Strike
1-1: Ball
2-1: Ball
3-1: Single, Error in OF, E8, batter to second base
Batting: RHB Luis Guerrero 0-0: Called Strike
0-1: Called Strike
0-2: Foul Ball, location: 2F
0-2: Foul Ball, location: 2F
0-2: Ground out 6-3 (Groundball, 6D)
Batting: LHB Edgardo De Jesús 0-0: Ball
1-0: Ball
2-0: SINGLE (Line Drive, 78S)
Cosmo Bjorkenheim to third
Batting: LHB José Castillo 0-0: Ball
1-0: Called Strike
1-1: Called Strike
1-2: Ball
Error on foul ball, E9
2-2: Ball
3-2: SINGLE (Groundball, 4MD)
Cosmo Bjorkenheim scores
Edgardo De Jesús to second
Edgardo De Jesús to third
Batting: RHB Syed Sarkar 0-0: Ball
1-0: Called Strike
1-1: Ball
2-1: SINGLE (Flyball, 7LS)
Edgardo De Jesús scores
José Castillo to second
Runner from 2nd tries for 3rd, SAFE, throw made to third
Batting: LHB Adrian McCoy 0-0: Swinging Strike
0-1: Ball
1-1: Called Strike
1-2: Ball
2-2: Ground out 1-3 (Groundball, 13)
Bottom of the 5th over - 2 runs, 4 hits, 2 errors, 2 left on base; Bloomington 0 - Plymouth 2
TOP OF THE 6TH
Bloomington Longnecks batting - Pitching for Plymouth Rocks : RHP Cisco Andr
Batting: RHB Barrett Drury 0-0: Foul Ball, location: 2F
0-1: Ball
1-1: Ground out U3 (Groundball, 34)
Batting: RHB Javier De Jesús 0-0: Ground out 5-3 (Groundball, 56)
Batting: LHB César Gómes 0-0: Called Strike
0-1: Foul Ball, location: 2F
0-2: Strikes out swinging
Top of the 6th over - 0 runs, 0 hits, 0 errors, 0 left on base; Bloomington 0 - Plymouth 2
BOTTOM OF THE 6TH
Plymouth Rocks batting - Pitching for Bloomington Longnecks : RHP Roy Gartner
Batting: SHB Roku Hara 0-0: Ball
1-0: Ball
2-0: Ball
3-0: Base on Balls
Batting: LHB Kade Eagleton 0-0: Ball
1-0: Sac Bunt - play at first, batter OUT! 2-3
Roku Hara to second
Batting: LHB Octávio Ontiveros 0-0: Swinging Strike
0-1: Foul Ball, location: 2F
0-2: Hit by Pitch
Batting: RHB Cosmo Bjorkenheim 0-0: Ball
1-0: Ball
2-0: Grounds into double play, 6-4-3 (Groundball, 6)
Bottom of the 6th over - 0 runs, 0 hits, 0 errors, 1 left on base; Bloomington 0 - Plymouth 2
TOP OF THE 7TH
Bloomington Longnecks batting - Pitching for Plymouth Rocks : RHP Cisco Andr
Batting: LHB Calvin Wilms 0-0: Foul Ball, location: 2F
0-1: DOUBLE (Line Drive, 7LM)
Batting: RHB Frank Crocker 0-0: Foul Ball, location: 2F
0-1: Ground out 4-3 (Groundball, 4)
Calvin Wilms to third
Batting: RHB Bubba Blevins 0-0: Ball
1-0: Ground out 6-3 (Groundball, 6)
Batting: RHB Toussiant L'Ouverture 0-0: Called Strike
0-1: Called Strike
0-2: Ball
1-2: Foul Ball, location: 2F
1-2: Foul Ball, location: 2F
1-2: Ball
2-2: Foul Ball, location: 2F
2-2: Ball
3-2: Strikes out looking and he ARGUES THE CALL AND IS TOSSED!
Top of the 7th over - 0 runs, 1 hit, 0 errors, 1 left on base; Bloomington 0 - Plymouth 2
BOTTOM OF THE 7TH
Plymouth Rocks batting - Pitching for Bloomington Longnecks : RHP Roy Gartner
Batting: RHB Luis Guerrero 0-0: Called Strike
0-1: Foul Ball, location: 2F
0-2: Ball
1-2: Ball
2-2: Fly out, F8 (Flyball, 8RD)
Pitching: LHP Tomás Galván
Batting: LHB Edgardo De Jesús 0-0: Fly out, F9 (Line Drive, 9)
Batting: LHB José Castillo 0-0: Ball
1-0: Ground out 5-3 (Groundball, 5)
Bottom of the 7th over - 0 runs, 0 hits, 0 errors, 0 left on base; Bloomington 0 - Plymouth 2
TOP OF THE 8TH
Bloomington Longnecks batting - Pitching for Plymouth Rocks : RHP Cisco Andr
Batting: RHB Carlos Cardona 0-0: Called Strike
0-1: Foul Ball, location: 2F
0-2: Foul Ball, location: 2F
0-2: Ball
1-2: Ground out 6-3 (Groundball, 6)
Batting: RHB Martín Martínez 0-0: Called Strike
0-1: Called Strike
0-2: Ball
1-2: Foul Ball, location: 2F
1-2: Ball
2-2: Foul Ball, location: 2F
2-2: Foul Ball, location: 2F
2-2: Foul Ball, location: 2F
2-2: Ball
3-2: Ground out 6-3 (Groundball, 6)
Batting: RHB Barrett Drury 0-0: SINGLE (Groundball, 4) (infield hit)
Batting: RHB Javier De Jesús 0-0: Swinging Strike
0-1: Ball
1-1: Called Strike
1-2: Ball
2-2: Foul Ball, location: 2F
2-2: Foul Ball, location: 2F
2-2: Strikes out swinging
Top of the 8th over - 0 runs, 1 hit, 0 errors, 1 left on base; Bloomington 0 - Plymouth 2
BOTTOM OF THE 8TH
Plymouth Rocks batting - Pitching for Bloomington Longnecks : LHP Tomás Galván
Batting: RHB Syed Sarkar 0-0: Hit by Pitch
Batting: LHB Adrian McCoy 0-0: Ball
1-0: Foul Ball, location: 2F
1-1: Ball
2-1: Foul Ball, location: 2F
2-2: SINGLE (Groundball, 34D)
Syed Sarkar to second
Runner from 2nd tries for 3rd, SAFE, no throw
Batting: SHB Roku Hara 0-0: Swinging Strike
0-1: Fly out, F7 (Flyball, 7S)
Batting: LHB Kade Eagleton 0-0: Ball
1-0: Ball
2-0: SINGLE (Line Drive, 4M)
Syed Sarkar scores
Adrian McCoy to second
Batting: LHB Octávio Ontiveros 0-0: Ball
1-0: Fielders Choice at 2nd, 3-6 (Groundball, 34)
Adrian McCoy to third
Batting: RHB Cosmo Bjorkenheim 0-0: Swinging Strike
0-1: Ball
1-1: Called Strike
1-2: Ball
2-2: Strikes out swinging
Bottom of the 8th over - 1 run, 2 hits, 0 errors, 2 left on base; Bloomington 0 - Plymouth 3
TOP OF THE 9TH
Bloomington Longnecks batting - Pitching for Plymouth Rocks : RHP Cisco Andr
Pitching: RHP Vaugh Chesser
Batting: LHB César Gómes 0-0: Ball
1-0: Ball
2-0: SINGLE (Line Drive, 56D)
Batting: LHB Calvin Wilms 0-0: Ball
1-0: Ball
2-0: Foul Ball, location: 2F
2-1: Ball
3-1: Base on Balls
César Gómes to second
Batting: RHB Frank Crocker 0-0: Ball
1-0: Swinging Strike
1-1: Ball
2-1: SINGLE (Groundball, 6MD)
César Gómes to third
Calvin Wilms to second
Batting: RHB Bubba Blevins 0-0: Ball
1-0: Ball
2-0: Grounds into fielders choice 1-2 (Groundball, 13S)
Calvin Wilms to third
Frank Crocker to second
Batting: RHB Rob Gray 0-0: Ball
1-0: Called Strike
1-1: Ball
2-1: Swinging Strike
2-2: Fly out, F8 (Flyball, 89D)
Batting: RHB Carlos Cardona 0-0: Ball
1-0: Ball
2-0: Foul Ball, location: 2F
2-1: Ball
3-1: Called Strike
3-2: SINGLE (Groundball, 56D)
Calvin Wilms scores
Frank Crocker to third
Bubba Blevins to second
Frank Crocker scores
Bubba Blevins to third
Batting: RHB Martín Martínez 0-0: Swinging Strike
0-1: Foul Ball, location: 2F
0-2: Foul Ball, location: 2F
0-2: Strikes out swinging
Top of the 9th over - 2 runs, 3 hits, 0 errors, 2 left on base; Bloomington 2 - Plymouth 3
Wednesday, September 19th, 2018 - OOTP Baseball 18.8 Build 76